 Dungeon Crawl Stone Soup version 0.31-a0-198-g2ad674f65e (webtiles) character file.

Game seed: 1435762027120384040

134 qw the Skirmisher (level 4, -2/25 HPs)
             Began as a Deep Elf Hunter on June 25, 2023.
             Slain by Terence
             ... wielding a +0 trident
              (3 damage)
             ... on level 3 of the Dungeon.
             The game lasted 00:00:54 (2338 turns).

qw the Skirmisher (Deep Elf Hunter)                 Turns: 2338, Time: 00:00:55

Health: -2/25      AC:  5    Str:  9 (10) XL:     4   Next: 95%
Magic:  6/6        EV: 10    Int: 13 (14) God:
Gold:   44         SH:  0    Dex: 17 (18) Spells: 3/3 levels left

rFire   . . .        Y - +1 shortbow
rCold   . . .        (shield currently unavailable)
rNeg    . . .        e - +0 ring mail
rPois   .            (no helmet)
rElec   .            (no cloak)
rCorr   .            (no gloves)
SInv    .            (no boots)
Will    .....        (no amulet)
Stlth   +            (no ring)
HPRegen 0.24/turn    (no ring)
MPRegen 0.10/turn

%: no passive effects
@: no status effects
A: no striking features
a: no special abilities


You were on level 3 of the Dungeon.
You visited 1 branch of the dungeon, and saw 3 of its levels.

You collected 148 gold pieces.
You spent 104 gold pieces at shops.


   Skills:
 - Level 1.5 Fighting
 + Level 8.3 Ranged Weapons
 - Level 2.4 Dodging
 - Level 1.2 Stealth


You had 3 spell levels left.
You didn't know any spells.
Your spell library was empty.

Inventory:

Hand Weapons
 Y - a +1 shortbow (weapon)
Armour
 e - a +0 ring mail (worn)
Jewellery
 a - an amulet of magic regeneration
 l - a +6 ring of strength
Scrolls
 c - a scroll of torment {unknown}
 i - a scroll of identify
 m - a scroll of teleportation {unknown}
Potions
 b - a potion of brilliance {unknown}
 d - a potion of heal wounds {unknown}
 f - a potion of magic {unknown}
 g - a potion of might
 h - a potion of enlightenment {unknown}
 j - a potion of mutation {unknown}
 k - a potion of haste {unknown}

Dungeon Overview and Level Annotations

Branches:
Dungeon (3/15)

Altars:

Shops:
D:3 ?

Annotations:
D:3 1 runed translucent door, Crazy Yiuf, Terence


Message History

Terence the Incautious comes into view.
He is wielding a +0 trident.
Enter note:
Enter note:
Enter note:
Enter note:
Enter note:
Enter note: You shoot an arrow.
The arrow hits Terence.
Terence is lightly wounded.
Terence says, "How do you enjoy it?"
You shoot an arrow. The arrow completely misses Terence.
You shoot an arrow. The arrow completely misses Terence.
You shoot an arrow. The arrow completely misses Terence.
Terence says, "Time to say good-bye..."
Terence barely misses you.
Enter note:
Enter note:
Enter note:
Enter note:
Enter note:
Enter note: You shoot an arrow.
The arrow hits Terence!
Terence is severely wounded.
Terence hits you but does no damage.
You shoot an arrow. The arrow hits Terence.
Terence is almost dead.
Terence hits you with a +0 trident!
You shoot an arrow.
The arrow hits Terence but does no damage.
Terence is almost dead.
Terence closely misses you.
You shoot an arrow.
The arrow hits Terence but does no damage.
Terence is almost dead.
Terence hits you with a +0 trident!
You shoot an arrow.
The arrow hits Terence but does no damage.
Terence is almost dead.
Terence hits you with a +0 trident! Terence hits you with a +0 trident.
You die...

# # # ## # .# .#
.# .#
####.######
#..@......#
######..#@####.#
...........#
######....##
#.#..# #.#..#
#.#..# #.#..#
#.#..#


You could see Terence.

Vanquished Creatures
  Natasha (D:3)
  2 adders (D:3)
  A worm (D:2)
  5 dart slugs
  2 orcs
  10 endoplasms
  3 giant cockroaches
  7 goblins
  3 hobgoblins
  8 kobolds
  A quokka (D:3)
  6 ball pythons
  8 bats
  5 frilled lizards
  12 rats
74 creatures vanquished.

Notes
Turn   | Place    | Note
-------+----------+-------------------------------------------
     0 | D:1      | qw the Deep Elf Hunter began the quest for the Orb.
     0 | D:1      | Reached XP level 1. HP: 12/12 MP: 3/3
     0 | D:1      | 0 ||| qw: Version: 0.3-a-22-g0ed2b0b
     0 | D:1      | 0 ||| qw: Game counter: 5356
     0 | D:1      | 0 ||| qw: Melee chars always use a shield: true
     0 | D:1      | 0 ||| qw: God list: Okawaru
     0 | D:1      | 0 ||| qw: Allow faded altars: false
     0 | D:1      | 0 ||| qw: Do Orc after clearing Dungeon:15 true
     0 | D:1      | 0 ||| qw: Do second Lair branch before Depths: true
     0 | D:1      | 0 ||| qw: Lair rune preference: random
     0 | D:1      | 0 ||| qw: Goals: Normal
     0 | D:1      | 0 ||| PLANNING D:1-11
   119 | D:1      | Reached XP level 2. HP: 16/16 MP: 4/4
   120 | D:1      | Reached skill level 6 in Ranged Weapons
   382 | D:1      | Reached XP level 3. HP: 20/20 MP: 5/5
   827 | D:1      | 827 ||| UPGRADING to +0 ring mail.
   837 | D:1      | 837 ||| DROPPING +0 leather armour.
   838 | D:1      | 838 ||| READING scroll labelled JYCEKI XEES.
   839 | D:1      | 839 ||| DRINKING 2 viscous purple potions.
   840 | D:1      | 840 ||| DROPPING scroll of butterflies.
   892 | D:2      | 892 ||| STAIRDANCE
   911 | D:2      | Reached skill level 7 in Ranged Weapons
  1515 | D:2      | 1515 ||| READING scroll labelled VODYTA LAWK.
  1516 | D:2      | 1516 ||| READING scroll labelled FEOFAY WOEMOF.
  1517 | D:2      | 1517 ||| READING scroll labelled XYETHO GUMOILA.
  1518 | D:2      | 1518 ||| DRINKING 2 blue potions.
  1519 | D:2      | 1519 ||| DROPPING potion of degeneration.
  1568 | D:3      | Reached XP level 4. HP: 14/25 MP: 6/6
  1568 | D:3      | 1568 ||| FLEEEEING.
  1570 | D:3      | 1570 ||| FLEEEEING.
  1571 | D:3      | 1571 ||| STAIRDANCE
  1830 | D:3      | Found Nufeyv's Magic Scroll Shop.
  1833 | D:3      | 1833 ||| BUYING scroll of enchant weapon (82 gold).
  1833 | D:3      | Bought a scroll of enchant weapon for 82 gold pieces
  1833 | D:3      | 1833 ||| BUYING scroll of identify (22 gold).
  1833 | D:3      | Bought a scroll of identify for 22 gold pieces
  1833 | D:3      | 1833 ||| SHOPLISTING scroll of identify (22 gold, have 19).
  1833 | D:3      | 1833 ||| SHOPLISTING scroll of teleportation (33 gold, have
                  | 19).
  1833 | D:3      | 1833 ||| READING scroll of enchant weapon.
  1833 | D:3      | 1833 ||| ENCHANTING +0 shortbow.
  1912 | D:3      | Found a runed translucent door.
  1913 | D:3      | Noticed Crazy Yiuf
  2000 | D:3      | Noticed Natasha
  2013 | D:3      | Killed Natasha
  2014 | D:3      | Reached skill level 8 in Ranged Weapons
  2328 | D:3      | Noticed Terence
  2338 | D:3      | HP: 1/25 [Terence/+0 trident (7)]
  2338 | D:3      | Slain by Terence

Levels and vault maps discovered:
D:1:      dpeg_arrival_chambers_temple_mockup, layout_basic
D:2:      layout_loops_ring, serial_bayou_pond_d
D:3:      layout_loops_ring, serial_shops, nicolae_shop_rolled_up,
          kennysheep_generic_room_4, uniq_crazy_yiuf_cottage, uniq_natasha,
          uniq_terence

Skill      XL: |  1  2  3  4 |
---------------+-------------+-----
Ranged Weapons | 6 7 8 |  8.3
Fighting       | |  1.5
Dodging        | |  2.4
Stealth        | |  1.2

Action                     |  1- 3 |  4- 6 || total
---------------------------+-------+-------++-------
   Fire: Shortbow          |   127 |    80 ||   207
    Use: Scroll            |     4 |     1 ||     5
         Potion            |     2 |       ||     2
 Armour: Leather armour    |     4 |       ||     4
         Ring mail         |    16 |    17 ||    33
  Dodge: Dodged            |    37 |    24 ||    61

Table legend:
 A = Non-vault XP
 B = Vault XP
 C = Vault XP percentage of total XP
 D = Non-vault monster count
 E = Vault monster count
 F = Vault count percentage of total count
                 A         B        C        D         E       F
            +---------+---------+-------+---------+---------+-------
      Total |     156 |      36 |  18.8 |      73 |       1 |   1.4
            +---------+---------+-------+---------+---------+-------
        D:1 |      52 |       0 |   0.0 |      32 |       0 |   0.0
        D:2 |      42 |       0 |   0.0 |      21 |       0 |   0.0
        D:3 |      62 |      36 |  36.7 |      20 |       1 |   4.8
            +---------+---------+-------+---------+---------+-------
